 Dungeon Crawl Stone Soup version 0.27.1-3-gb3d3a73c9e (webtiles) character file.

Game seed: 15313882061888405204

77 karkarkar the Shield-Bearer (level 4, 0/29 HPs)
             Began as a Gargoyle Fighter on Oct 10, 2021.
             Was an Initiate of Makhleb.
             Slain by a sky beast (1 damage)
             ... on level 7 of the Dungeon.
             The game lasted 00:06:20 (2874 turns).

karkarkar the Shield-Bearer (Gargoyle Fighter)      Turns: 2874, Time: 00:06:22

Health: 0/29       AC: 11    Str: 21    XL:     4   Next: 34%
Magic:  4/4        EV:  7    Int:  8    God:    Makhleb [......]
Gold:   125        SH:  9    Dex:  9    Spells: 3/3 levels left

rFire    . . .     SeeInvis .   a - +3 war axe
rCold    . . .     Faith    +   c - +0 kite shield
rNeg     + . .     Spirit   .   b - +0 scale mail
rPois    ∞         Reflect  .   (no helmet)
rElec    +         Harm     .   (no cloak)
rCorr    .         Rampage  .   (no gloves)
Will     .....                  k - +0 pair of boots
Stlth    ..........             g - amulet of faith
HPRegen  0.09/turn              (no ring)
MPRegen  0.09/turn              (no ring)

@: no status effects
A: sickness immunity, AC +3, negative energy resistance 1, electricity
resistance, torment resistance 1, petrification resistance
a: Renounce Religion


You were on level 7 of the Dungeon.
You worshipped Makhleb.
Makhleb was noncommittal.
You visited 1 branch of the dungeon, and saw 6 of its levels.

You collected 125 gold pieces.

Inventory:

Hand Weapons
 a - a +3 war axe (weapon)
Missiles
 e - 6 poisoned darts (quivered)
Armour
 b - a +0 scale mail (worn)
 c - a +0 kite shield (worn)
 k - a +0 pair of boots (worn)
 n - a +1 leather armour of cold resistance
Magical Staves
 l - a staff of fire
Jewellery
 g - an amulet of faith (around neck)
Scrolls
 i - a scroll of teleportation {unknown}
 j - 2 scrolls of identify {unknown}
Potions
 f - a potion of resistance {unknown}
 h - a potion of flight {unknown}
 m - a potion of attraction {unknown}
 o - 2 potions of ambrosia {unknown}


   Skills:
 + Level 3.7 Fighting
 * Level 2.8 Axes
 - Level 3.3 Armour
 + Level 0.9 Dodging
 + Level 4.0 Shields


You had 3 spell levels left.
You didn't know any spells.
Your spell library contained the following spells:

 Spells                   Type           Power      Damage    Failure   Level
 Dazzling Flash           Conj/Hex       0%         N/A       100%        3
 Iskenderun's Mystic Bla  Conj/Tloc      0%         2d3       100%        4
 Starburst                Conj/Fire      0%         6d3       100%        6


Dungeon Overview and Level Annotations

Branches:
Dungeon (5/15)
 Temple: D:4-7

Altars:
Makhleb
Ru

Annotations:
D:3 Grinder


Innate Abilities, Weirdness & Mutations

You are immune to sickness and miasma.
Your stone body is resilient. (AC +3)
You are immune to poison.
You resist negative energy. (rN+)
You are resistant to electric shocks. (rElec)
You are resistant to unholy torment.
You are immune to petrification.


Message History

You slash the sky beast!
The sky beast is heavily wounded.
The sky beast hits you. The sky beast shocks you. You resist.
You hit the sky beast.
The sky beast is severely wounded.
The sky beast flickers out of sight!
Deactivating autopickup; reactivate with Ctrl-A.
Something hits you but does no damage. You block something's attack.
You barely miss something. Something hits you but does no damage.
You hit something. Something hits you but does no damage. Something hits you.
Something shocks you. You resist.
You closely miss something. Something hits you. Something shocks you.
You resist.
You closely miss something.
A sky beast appears from thin air!
Reactivating autopickup.
You block the sky beast's attack. x2
You hit the sky beast.
The sky beast is almost dead.
You block the sky beast's attack. The sky beast hits you.
The sky beast shocks you. You resist.
You barely miss the sky beast.
The sky beast is severely wounded.
The sky beast hits you. The sky beast shocks you. You resist.
* * * LOW HITPOINT WARNING * * *
You barely miss the sky beast.
The sky beast is severely wounded.
The sky beast barely misses you. You block the sky beast's attack.
Your shield prevents you from hitting the sky beast.
The sky beast is severely wounded.
The sky beast hits you.
* * * LOW HITPOINT WARNING * * *
The sky beast shocks you. You resist.
* * * LOW HITPOINT WARNING * * *
You closely miss the sky beast.
The sky beast is severely wounded.
The sky beast hits you but does no damage.
The sky beast hits you.
* * * LOW HITPOINT WARNING * * *
The sky beast shocks you. You resist.
You die...

. ##.# #.
#... ###.
#..#
.....#..##
...#... .≈..
#Y######
#@....^#
######.#
#.###########
#............
#############


You could see a sky beast.

Vanquished Creatures
  2 gnolls
  An adder (D:2)
  A dart slug (D:2)
  An orc (D:3)
  4 bats
  4 endoplasms
  4 giant cockroaches (D:1)
  A goblin (D:3)
  2 hobgoblins
  10 jackals
  3 kobolds
  A quokka (D:4)
  2 ball pythons (D:1)
  A frilled lizard (D:3)
  5 rats
42 creatures vanquished.

Notes
Turn   | Place    | Note
-------+----------+-------------------------------------------
     0 | D:1      | karkarkar the Gargoyle Fighter began the quest for the Orb.
     0 | D:1      | Reached XP level 1. HP: 14/14 MP: 1/1
   260 | D:1      | Reached XP level 2. HP: 19/19 MP: 2/2
   992 | D:2      | Reached XP level 3. HP: 24/24 MP: 3/3
  1825 | D:3      | Reached XP level 4. HP: 21/29 MP: 4/4
  2130 | D:2      | Reached skill level 4 in Shields
  2238 | D:3      | Found a sacrificial altar of Ru.
  2425 | D:3      | Noticed Grinder
  2433 | D:3      | Paralysed by Grinder for 5 turns
  2454 | D:3      | HP: 1/29 [Grinder/nerve-wracking pain (6)]
  2492 | D:3      | You fall into a shaft and drop 2 floors!
  2492 | D:5      | Entered Level 5 of the Dungeon
  2798 | D:4      | You fall into a shaft and drop 3 floors!
  2798 | D:7      | Found a burning altar of Makhleb.
  2801 | D:7      | Became a worshipper of Makhleb the Destroyer
  2858 | D:7      | Noticed a sky beast
  2874 | D:7      | HP: 1/29 [sky beast (2)]
  2874 | D:7      | Slain by a sky beast

Illustrated notes

Levels and vault maps discovered:
D:1:      nagdon_arrival_double_spiral, layout_loops_ring, columned_hall_lemuel
D:2:      layout_rooms, chequers_serial_rivers_small_b, lightli_corner_chamber
D:3:      minmay_wonky_spiral, layout_loops_corners, nicolae_ru_awakened_eye,
          serial_aquarium, aquarium_bridge_straight [aquarium_subvault_bridge,
          aquarium_subvault_window, aquarium_subvault_bridge,
          aquarium_subvault_wall], aquarium_window_fake, aquarium_window_fake,
          aquarium_window_corner, aquarium_window_fake, aquarium_view_2d,
          aquarium_balcony_5b, skrybe_limestone_x, uniq_grinder
D:4:      layout_rooms, minmay_manual_monstrance, uniq_crazy_yiuf_cottage,
          uniq_ijyb
D:5:      minmay_inner_zag, layout_basic,
          mainiacjoe_overflow_concentric_impassable, uniq_sigmund
D:7:      layout_loops_ring, nicolae_overflow_crystal_walls,
          lightli_temple_of_fire, minmay_temple_entry_statues_pillars,
          uniq_maggie

Skill      XL: |  1  2  3  4 |
---------------+-------------+-----
Axes           | 2 |  2.8
Shields        | 4 |  4.0
Fighting       | |  3.7
Armour         | |  3.3
Dodging        | |  0.9

Action                   |  1- 3 |  4- 6 || total
-------------------------+-------+-------++-------
Melee: War axe           |   114 |    40 ||   154
Throw: Dart              |    10 |     4 ||    14
  Use: Scroll            |     2 |     3 ||     5
       Potion            |       |     3 ||     3
Armor: Scale mail        |    86 |    15 ||   101
Dodge: Dodged            |    53 |    19 ||    72
Block: Kite shield       |    92 |    26 ||   118
